[Event "Titled Tuesday Blitz June 14 Early 2022"]
[White "Avinash, Ramesh"]
[Black "Preotu, Razvan"]
[WhiteFideId "45018340"]
[BlackFideId "2613280"]
[WhiteElo "1875"]
[BlackElo "2407"]
[Result "0-1"]
[Round "11"]
[TimeControl "180+1"]
[Date "2022.06.14"]
[WhiteClock "0:00:36"]
[BlackClock "0:00:10"]

1. d4 Nf6 2. c4 g6 3. h4 Bg7 4. Nc3 Nc6 5. d5 Ne5 6. e4 d6 7. Be2 h5 8. Nf3 Nxf3+ 9. gxf3 c6 10. Bg5 Qb6 11. Qd2 Bd7 12. O-O-O Rc8 13. Kb1 cxd5 14. Nxd5 Nxd5 15. cxd5 Bc3 16. Qc2 Bd4 17. Qd2 Bxf2 18. Rc1 f6 19. Bf4 Kf7 20. Bd3 Bd4 21. Rcd1 a5 22. Qg2 Rhg8 23. Bc1 a4 24. f4 a3 25. b3 Rc3 26. Qe2 Rxb3+ 27. Kc2 Rb2+ 28. Bxb2 Qxb2# 0-1


[Site "https://www.chess.com"]

[Event "Titled Tuesday Blitz June 14 Early 2022"]
[White "Daneshvar, Bardiya"]
[Black "Tan, Zhongyi"]
[WhiteFideId "12576468"]
[BlackFideId "8603642"]
[WhiteElo "2303"]
[BlackElo "2510"]
[Result "1-0"]
[Round "11"]
[TimeControl "180+1"]
[Date "2022.06.14"]
[WhiteClock "0:00:08"]
[BlackClock "0:00:01"]

1. Nf3 d5 2. b3 c5 3. Bb2 Nc6 4. e3 f6 5. d4 cxd4 6. exd4 Bg4 7. h3 Bh5 8. Bd3 e6 9. O-O Bd6 10. Re1 Bf7 11. Bf5 Qd7 12. Qe2 Nd8 13. c4 Ne7 14. Bd3 O-O 15. Nc3 Ndc6 16. Rad1 Rae8 17. Bb1 Ng6 18. c5 Bb8 19. a3 e5 20. dxe5 fxe5 21. Bxg6 hxg6 22. Ng5 Nd4 23. Qd3 Qe7 24. Qg3 Nf5 25. Qg4 Nh6 26. Qh4 d4 27. Rxd4 exd4 28. Rxe7 Rxe7 29. Nce4 Be5 30. b4 Rfe8 31. Nxf7 Rxf7 32. g3 Nf5 33. Qg4 d3 34. Bc1 Nd4 35. Qxg6 Re6 36. Qh5 Ne2+ 37. Kg2 g6 38. Qg4 Rfe7 39. Bg5 Re8 40. Qf3 Bg7 41. Nd6 Rxd6 42. cxd6 1-0


[Site "https://www.chess.com"]

[Event "Titled Tuesday Blitz June 14 Early 2022"]
[White "Deac, Bogdan-Daniel"]
[Black "Dauner, Benedikt"]
[WhiteFideId "1226380"]
[BlackFideId "16225899"]
[WhiteElo "2648"]
[BlackElo "2230"]
[Result "1-0"]
[Round "11"]
[TimeControl "180+1"]
[Date "2022.06.14"]
[WhiteClock "0:01:03"]
[BlackClock "0:00:02"]

1. d4 Nf6 2. Nf3 b6 3. c4 Bb7 4. g3 g6 5. Bg2 Bg7 6. O-O O-O 7. Qc2 d5 8. cxd5 Nxd5 9. a3 Nd7 10. e4 N5f6 11. Nc3 e6 12. Rd1 Qe7 13. Bf4 Rfc8 14. Rac1 Ne8 15. e5 c6 16. h4 Nc7 17. Bg5 Qe8 18. Ne4 Bf8 19. h5 c5 20. hxg6 hxg6 21. Nd6 Bxd6 22. exd6 Nd5 23. Qe4 cxd4 24. Nxd4 Nf8 25. Qh4 Rxc1 26. Rxc1 Rc8 27. Re1 Nh7 28. Be7 Rc4 29. Bf1 Rxd4 30. Qxd4 Nxe7 31. dxe7 Qxe7 32. Rd1 Nf8 33. Bg2 Bxg2 34. Kxg2 Qb7+ 35. Kg1 Qf3 36. Qd8 Kg7 37. Qd4+ Kg8 38. Rc1 Qb7 39. Qd8 Kg7 40. Rc8 Nh7 41. Qh8+ Kh6 42. Rg8 Qe4 43. Qg7+ Kg5 44. Qxh7 Qe1+ 45. Kg2 Qe4+ 46. Kh2 1-0


[Site "https://www.chess.com"]

[Event "Titled Tuesday Blitz June 14 Early 2022"]
[White "Dev, Shah"]
[Black "Cherniaiev, Tykhon"]
[WhiteFideId "35019058"]
[BlackFideId "14182360"]
[WhiteElo "2048"]
[BlackElo "2289"]
[Result "0-1"]
[Round "11"]
[TimeControl "180+1"]
[Date "2022.06.14"]
[WhiteClock "0:01:44"]
[BlackClock "0:02:10"]

1. d4 Nf6 2. c4 e6 3. g3 d5 4. Bg2 Be7 5. Nf3 O-O 6. O-O dxc4 7. Qa4 a6 8. Qxc4 b5 9. Qc2 Bb7 10. Bd2 Nbd7 11. Ba5 Rc8 12. Nbd2 Qe8 13. b4 Nb6 14. e4 Nfd7 15. e5 Bd5 16. Rac1 Nc4 17. Nxc4 Bxc4 18. Rfe1 Bd5 19. Qd2 Nb6 20. Bxb6 cxb6 21. Rxc8 Qxc8 22. Rc1 Qd7 23. a3 Rc8 24. Ne1 Rxc1 25. Qxc1 Bxg2 26. Kxg2 Qxd4 27. Qc8+ Bf8 28. Nf3 Qd5 29. Qxa6 g5 30. g4 h5 31. h3 hxg4 32. hxg4 Qe4 33. Qxb6 Qxg4+ 34. Kf1 Qxf3 35. Qxb5 Qxa3 0-1


[Site "https://www.chess.com"]

[Event "Titled Tuesday Blitz June 14 Early 2022"]
[White "Dubov, Daniil"]
[Black "Andreikin, Dmitry"]
[WhiteFideId "24126055"]
[BlackFideId "4158814"]
[WhiteElo "2791"]
[BlackElo "2736"]
[Result "0-1"]
[Round "11"]
[TimeControl "180+1"]
[Date "2022.06.14"]
[WhiteClock "0:00:03"]
[BlackClock "0:00:35"]

1. d4 d5 2. c4 e6 3. Nf3 Nf6 4. g3 Be7 5. Bg2 O-O 6. O-O c6 7. Qc2 Nbd7 8. b3 b6 9. Bb2 Bb7 10. Nbd2 Rc8 11. e4 c5 12. exd5 exd5 13. Rad1 dxc4 14. Nxc4 b5 15. Nce5 cxd4 16. Qf5 Nxe5 17. Qxe5 Rc5 18. Qxd4 Rd5 19. Qxa7 Rxd1 20. Qxb7 b4 21. Ne5 Bc5 22. Qf3 Rxf1+ 23. Bxf1 Qa8 24. Qxa8 Rxa8 25. Nd3 Bd6 26. Bxf6 gxf6 27. Nc1 Be5 28. Bc4 Bb2 29. Nd3 Bc3 30. Nc1 Bd2 31. Nd3 Rxa2 32. Kg2 Bc3 33. Kf3 Bd4 34. Ke4 Bxf2 35. Nxb4 Rd2 36. Nd5 Kg7 37. Ne7 Bc5 38. Nf5+ Kg6 39. Nh4+ Kg7 40. Nf5+ Kf8 41. h3 h5 42. Kf3 Rf2+ 43. Ke4 Rh2 44. h4 Rd2 45. Bb5 Rb2 46. Bc4 Rd2 47. Kf3 Bb6 48. Ke4 Bc7 49. Ke3 Rd1 50. Be2 Rg1 51. Kf2 Bb6+ 52. Kf3 Rb1 53. Bc4 Rb2 54. Nh6 Rf2+ 55. Ke4 Bc7 56. Nf5 Be5 57. Bd3 Rb2 58. Bc4 Rb1 59. Kf3 Rc1 60. Ke4 Rc3 61. Be2 Rxb3 62. Bxh5 Bxg3 63. Bd1 Rb4+ 64. Kf3 Bxh4 0-1


[Site "https://www.chess.com"]

[Event "Titled Tuesday Blitz June 14 Early 2022"]
[White "Fedoseev, Vladimir"]
[Black "Paravyan, David"]
[WhiteFideId "24130737"]
[BlackFideId "4194985"]
[WhiteElo "2726"]
[BlackElo "2569"]
[Result "0-1"]
[Round "11"]
[TimeControl "180+1"]
[Date "2022.06.14"]
[WhiteClock "0:00:02"]
[BlackClock "0:00:05"]

1. e4 e5 2. Nf3 Nf6 3. Nxe5 d6 4. Nd3 Nxe4 5. Nf4 d5 6. d4 Be7 7. Bd3 Nc6 8. c3 O-O 9. O-O Bg5 10. Be3 Ne7 11. Nd2 Nxd2 12. Qxd2 h6 13. Nh5 Nf5 14. Bf4 c6 15. Rae1 Nd6 16. h3 g6 17. Ng3 Qf6 18. Bxg5 Qxg5 19. Qxg5 hxg5 20. Re5 f6 21. Re7 Rf7 22. Rfe1 Kf8 23. R7e2 Kg7 24. Nf1 Bf5 25. Bxf5 gxf5 26. Ng3 Kg6 27. Re6 Rd8 28. f4 Ne4 29. Kh2 Rfd7 30. fxg5 Nxg5 31. R6e2 f4 32. Nf1 f3 33. Rf2 Rh8 34. Re3 Rdh7 35. Rexf3 Nxf3+ 36. Rxf3 Re7 37. Ng3 Rhe8 38. a4 Re1 39. a5 Ra1 40. b4 Rc1 41. Nf5 Re2 42. Kg3 Rec2 43. a6 bxa6 44. Kg4 Rxc3 45. Rf4 Rc4 46. h4 Rh1 47. h5+ Rxh5 48. Ne7+ Kf7 49. Kxh5 Kxe7 50. Kg6 Rxb4 51. g4 c5 52. Rxf6 Rxd4 53. g5 c4 54. Rxa6 c3 55. Rxa7+ Ke6 56. Ra6+ Ke5 57. Kf7 c2 58. Re6+ Kf5 59. Re1 Rd1 0-1


[Site "https://www.chess.com"]

[Event "Titled Tuesday Blitz June 14 Early 2022"]
[White "Gaehwiler, Gabriel"]
[Black "Aravindh, Chithambaram VR."]
[WhiteFideId "1314530"]
[BlackFideId "5072786"]
[WhiteElo "2383"]
[BlackElo "2577"]
[Result "0-1"]
[Round "11"]
[TimeControl "180+1"]
[Date "2022.06.14"]
[WhiteClock "0:00:01"]
[BlackClock "0:00:31"]

1. Nf3 Nf6 2. c4 b6 3. g3 Bb7 4. Bg2 g5 5. h3 h5 6. d3 Rg8 7. Nc3 c5 8. e4 g4 9. hxg4 hxg4 10. Nh4 d6 11. Be3 Nc6 12. d4 cxd4 13. Bxd4 Nxd4 14. Qxd4 Nd7 15. O-O-O Ne5 16. Nf5 Rc8 17. b3 Rc6 18. Kb1 e6 19. Ne3 Bg7 20. Qd2 Qf6 21. Rc1 a6 22. Rhd1 b5 23. cxb5 axb5 24. Qd4 Qxf2 25. Nxb5 Nc4 26. e5 Bxe5 27. Bxc6+ Bxc6 28. Nxd6+ Kf8 29. Nexc4 Bxd4 0-1


[Site "https://www.chess.com"]

[Event "Titled Tuesday Blitz June 14 Early 2022"]
[White "Garv Gaur"]
[Black "Galperin, Platon"]
[WhiteFideId "45030839"]
[BlackFideId "14165414"]
[WhiteElo "1950"]
[BlackElo "2432"]
[Result "0-1"]
[Round "11"]
[TimeControl "180+1"]
[Date "2022.06.14"]
[WhiteClock "0:00:01"]
[BlackClock "0:01:07"]

1. d4 d5 2. Nf3 Nf6 3. c4 dxc4 4. g3 b5 5. Bg2 Bb7 6. a4 a6 7. O-O e6 8. Bf4 Bd6 9. Bg5 Nbd7 10. Re1 h6 11. Bd2 O-O 12. Ba5 Qe7 13. Nbd2 Ne4 14. Nxe4 Bxe4 15. b3 cxb3 16. Qxb3 Rab8 17. axb5 axb5 18. Rec1 c5 19. dxc5 Nxc5 20. Qe3 Bd5 21. Nd4 Bxg2 22. Kxg2 Rfc8 23. Bb4 Na4 24. Bxd6 Qxd6 25. Kg1 Qd5 26. Rd1 Nc3 27. Rd3 b4 28. Nc2 Qb3 29. Nd4 Qb2 30. Ra7 Nd5 31. Qf3 Rc7 32. Rxc7 Nxc7 33. Nc6 Rb6 34. Rd8+ Kh7 35. Nd4 Qb1+ 36. Kg2 f5 37. Rd7 Ne8 38. Qb3 Qe4+ 39. f3 Qe5 40. e3 Nf6 41. Re7 Nd5 42. Rd7 Qxe3 0-1


[Site "https://www.chess.com"]

[Event "Titled Tuesday Blitz June 14 Early 2022"]
[White "Grischuk, Alexander"]
[Black "Shipov, Sergei"]
[WhiteFideId "4126025"]
[BlackFideId "4113624"]
[WhiteElo "2762"]
[BlackElo "2798"]
[Result "1-0"]
[Round "11"]
[TimeControl "180+1"]
[Date "2022.06.14"]
[WhiteClock "0:00:03"]
[BlackClock "0:00:01"]

1. e4 e6 2. d4 d5 3. e5 Bd7 4. Nf3 a6 5. h4 Bb5 6. h5 Nd7 7. c3 h6 8. a4 Bxf1 9. Kxf1 c5 10. Rh3 Ne7 11. Kg1 Rc8 12. Nbd2 cxd4 13. cxd4 Nb8 14. Nb3 Nbc6 15. Bd2 Qb6 16. Bc3 Nf5 17. g4 Nfe7 18. Nc5 a5 19. Qe2 g6 20. Qb5 Qxb5 21. axb5 Na7 22. Nxb7 Nxb5 23. Rxa5 Nxc3 24. Nd6+ Kd7 25. Ra7+ Rc7 26. Rxc7+ Kxc7 27. bxc3 gxh5 28. Rxh5 Rg8 29. Nh2 Ng6 30. Ne8+ Kc6 31. Nf6 Rh8 32. Rh3 Be7 33. Nh5 Rb8 34. Nf3 Rb1+ 35. Kg2 Rc1 36. Rh1 Rxc3 37. Ra1 Nh4+ 38. Nxh4 Bxh4 39. Ra7 Rd3 40. Rxf7 Rxd4 41. f4 Rd2+ 42. Kh3 Bd8 43. Ng7 Rd3+ 44. Kg2 Bb6 45. Nxe6 d4 46. g5 hxg5 47. Nxg5 Re3 48. Rf6+ Kc5 49. Rd6 Bc7 50. Ne6+ Kc4 51. Nxc7 d3 52. Kf2 1-0


[Site "https://www.chess.com"]

[Event "Titled Tuesday Blitz June 14 Early 2022"]
[White "Gurevich, Dmitry"]
[Black "Rozman, Levy"]
[WhiteFideId "2000407"]
[BlackFideId "2039877"]
[WhiteElo "2506"]
[BlackElo "2376"]
[Result "1-0"]
[Round "11"]
[TimeControl "180+1"]
[Date "2022.06.14"]
[WhiteClock "0:00:42"]
[BlackClock "0:00:02"]

1. d4 g6 2. e4 Bg7 3. Nf3 d6 4. c3 Nc6 5. Bd3 e5 6. d5 Nce7 7. c4 h6 8. Nc3 f5 9. h4 f4 10. b4 a5 11. bxa5 Rxa5 12. a4 b6 13. Bd2 Ra8 14. Nb5 Bd7 15. a5 Bxb5 16. cxb5 bxa5 17. Rxa5 Nf6 18. O-O O-O 19. Rxa8 Qxa8 20. Qa1 Nd7 21. Bb4 Qb8 22. Rc1 Nc8 23. Qc3 Nc5 24. Bxc5 dxc5 25. Qxc5 Rf7 26. Qc6 Nd6 27. Rb1 Nc8 28. d6 Nxd6 29. b6 cxb6 30. Rxb6 Rb7 31. Rxb7 Nxb7 32. Qxg6 Qc7 33. Qe6+ Qf7 34. Qc8+ Kh7 35. Bc4 Nd6 36. Bxf7 Nxc8 37. h5 Bf6 38. Kh2 Kg7 39. Bd5 Nd6 40. Kh3 Kf8 41. Kg4 Kg7 42. Ne1 Bd8 43. Nd3 Kf6 44. Nc5 Ke7 45. Ne6 Bb6 46. f3 Kf6 47. Nf8 Bf2 48. Nd7+ Kg7 49. Nxe5 Be3 50. Nd3 Ne8 51. Nxf4 1-0


[Site "https://www.chess.com"]

[Event "Titled Tuesday Blitz June 14 Early 2022"]
[White "Halkias, Stelios"]
[Black "Shimanov, Aleksandr"]
[WhiteFideId "4201809"]
[BlackFideId "4198603"]
[WhiteElo "2453"]
[BlackElo "2605"]
[Result "1-0"]
[Round "11"]
[TimeControl "180+1"]
[Date "2022.06.14"]
[WhiteClock "0:00:45"]
[BlackClock "0:00:02"]

1. Nf3 d5 2. d4 Nf6 3. c4 c6 4. Nc3 dxc4 5. e4 b5 6. Be2 Bg4 7. O-O Nbd7 8. a4 b4 9. e5 bxc3 10. exf6 cxb2 11. fxg7 bxa1=Q 12. gxh8=Q Qa5 13. Ne5 Nxe5 14. dxe5 Bxe2 15. Qxe2 Q1xa4 16. Bh6 O-O-O 17. Bxf8 c3 18. e6 c2 19. exf7 Qc5 20. Bxe7 c1=Q 21. Qxd8+ Kb7 22. Bxc5 Qaa1 23. Rxc1 Qxc1+ 24. Qf1 1-0


[Site "https://www.chess.com"]

[Event "Titled Tuesday Blitz June 14 Early 2022"]
[White "Hesham, Abdelrahman"]
[Black "Xu, Yi"]
[WhiteFideId "10600183"]
[BlackFideId "8605564"]
[WhiteElo "2506"]
[BlackElo "2471"]
[Result "0-1"]
[Round "11"]
[TimeControl "180+1"]
[Date "2022.06.14"]
[WhiteClock "0:00:06"]
[BlackClock "0:00:13"]

1. e4 c5 2. Nf3 d6 3. d4 cxd4 4. Nxd4 Nf6 5. Nc3 a6 6. Bg5 e6 7. f4 Qb6 8. Qd2 Qxb2 9. Rb1 Qa3 10. f5 Be7 11. fxe6 Bxe6 12. Rxb7 Nbd7 13. Nxe6 fxe6 14. Bc4 Nc5 15. Rc7 Bd8 16. Rxg7 Nfxe4 17. Nxe4 Nxe4 18. Bxe6 Nxd2 19. Bd7+ Kf8 20. Bh6 Nf3+ 21. Kf2 Bb6+ 22. Kg3 Ne5+ 23. Kh4 Bf2+ 24. g3 Nxd7 25. Rf1 Qe3 26. Rxh7+ Kg8 27. Rxh8+ Kxh8 28. Bxe3 Bxe3 29. Rf7 Ne5 0-1


[Site "https://www.chess.com"]

[Event "Titled Tuesday Blitz June 14 Early 2022"]
[White "Ivanisevic, Ivan"]
[Black "Raahul V S"]
[WhiteFideId "912417"]
[BlackFideId "25035525"]
[WhiteElo "2535"]
[BlackElo "2133"]
[Result "1-0"]
[Round "11"]
[TimeControl "180+1"]
[Date "2022.06.14"]
[WhiteClock "0:00:14"]
[BlackClock "0:00:01"]

1. d4 d5 2. c4 dxc4 3. e4 e5 4. Nf3 exd4 5. Bxc4 Nc6 6. O-O Bc5 7. Ng5 Ne5 8. Bxf7+ Nxf7 9. Nxf7 Kxf7 10. Qh5+ g6 11. Qxc5 Nf6 12. f3 b6 13. Qc6 Bd7 14. Qc2 c5 15. Na3 Be6 16. Bh6 Qc7 17. Rad1 Rhd8 18. Nb5 Qd7 19. a4 a6 20. Na3 Kg8 21. Bg5 Rf8 22. Bh6 Rfc8 23. Nc4 Qc7 24. Bg5 Nd7 25. f4 b5 26. Na3 b4 27. Nc4 Nb6 28. Ne5 b3 29. Qe2 Nxa4 30. Ra1 Nb6 31. Rxa6 c4 32. Rxa8 Rxa8 33. Qd2 Qc5 34. f5 Qxe5 35. fxe6 c3 36. Qf2 Qxe6 37. Qxd4 c2 38. Bh6 1-0


[Site "https://www.chess.com"]

[Event "Titled Tuesday Blitz June 14 Early 2022"]
[White "Jaskolka, Tomasz"]
[Black "Srihari L R"]
[WhiteFideId "1170791"]
[BlackFideId "46617116"]
[WhiteElo "2073"]
[BlackElo "2170"]
[Result "0-1"]
[Round "11"]
[TimeControl "180+1"]
[Date "2022.06.14"]
[WhiteClock "0:00:03"]
[BlackClock "0:00:04"]

1. d4 d6 2. Nf3 Nf6 3. g3 g6 4. Bg2 Bg7 5. c4 O-O 6. O-O c5 7. d5 e6 8. dxe6 Bxe6 9. Nbd2 Nc6 10. Rb1 d5 11. cxd5 Nxd5 12. a3 Qe7 13. e4 Nb6 14. Qc2 Rac8 15. Rd1 Rfd8 16. Nf1 Nd4 17. Nxd4 cxd4 18. Qd3 Nd7 19. f4 Nc5 20. Qf3 f5 21. e5 d3 22. Be3 Ne4 23. Bxa7 Qd7 24. h4 Bb3 25. Rd2 Nxd2 26. Nxd2 Bd5 27. Qf2 Bxg2 28. Kxg2 Rc2 29. Be3 Qd5+ 30. Kh2 Bf8 31. Kh3 h5 32. Qf3 Qf7 33. Rd1 Rdc8 34. b4 R2c3 35. e6 Qxe6 36. Qxb7 Qxe3 37. Qd5+ Kh8 38. Nf3 Qe4 39. Qf7 Qxf3 40. Qf6+ Bg7 41. Qxg6 Qxd1 42. Kg2 Rc2+ 43. Kh3 Qh1# 0-1


[Site "https://www.chess.com"]

[Event "Titled Tuesday Blitz June 14 Early 2022"]
[White "Kanyamarala, Tarun"]
[Black "Chen, Qi b"]
[WhiteFideId "45004714"]
[BlackFideId "8614733"]
[WhiteElo "2219"]
[BlackElo "2432"]
[Result "1-0"]
[Round "11"]
[TimeControl "180+1"]
[Date "2022.06.14"]
[WhiteClock "0:01:30"]
[BlackClock "0:00:13"]

1. d4 Nf6 2. Nc3 d5 3. Bf4 a6 4. e3 e6 5. g4 c5 6. g5 Nfd7 7. Qg4 b5 8. Qg3 Bb7 9. Bc7 Qc8 10. O-O-O Nc6 11. Nge2 Ne7 12. Bh3 cxd4 13. Nxd4 h6 14. g6 Nxg6 15. Nxe6 Be7 16. Nxd5 Bxd5 17. Rxd5 Bf6 18. Rxd7 Qxd7 19. Nxg7+ Bxg7 20. Bxd7+ Kxd7 21. Rd1+ Kc8 22. Qd6 Ne5 23. Ba5 Ra7 24. Qb6 Rb7 25. Rd8+ 1-0


[Site "https://www.chess.com"]

[Event "Titled Tuesday Blitz June 14 Early 2022"]
[White "Kobalia, Mikhail"]
[Black "Rodrigue-Lemieux, Shawn"]
[WhiteFideId "4119150"]
[BlackFideId "2620049"]
[WhiteElo "2667"]
[BlackElo "1763"]
[Result "1-0"]
[Round "11"]
[TimeControl "180+1"]
[Date "2022.06.14"]
[WhiteClock "0:00:13"]
[BlackClock "0:00:04"]

1. e4 c6 2. d4 d5 3. exd5 cxd5 4. Bd3 Nc6 5. c3 Nf6 6. h3 g6 7. Nf3 Bg7 8. Bf4 Bf5 9. Bxf5 gxf5 10. Nbd2 O-O 11. Qe2 e6 12. O-O-O Ne4 13. g4 b5 14. gxf5 b4 15. Nxe4 dxe4 16. Qxe4 Rc8 17. Rhg1 bxc3 18. Bh6 Nb4 19. Rxg7+ Kh8 20. f6 Nxa2+ 21. Kc2 Nb4+ 22. Kb3 Qd5+ 23. Qxd5 Nxd5 24. Ng5 Rb8+ 25. Ka3 cxb2 26. Rxh7+ Kg8 27. Bg7 Nxf6 28. Bxf6 b1=N+ 29. Rxb1 Rxb1 30. Rh8# 1-0


[Site "https://www.chess.com"]

[Event "Titled Tuesday Blitz June 14 Early 2022"]
[White "Kosakowski, Jakub"]
[Black "Sarana, Alexey"]
[WhiteFideId "1185080"]
[BlackFideId "24133795"]
[WhiteElo "2476"]
[BlackElo "2666"]
[Result "0-1"]
[Round "11"]
[TimeControl "180+1"]
[Date "2022.06.14"]
[WhiteClock "0:00:18"]
[BlackClock "0:01:20"]

1. e4 c5 2. Nf3 d6 3. d4 cxd4 4. Nxd4 Nf6 5. Nc3 a6 6. Bg5 e6 7. f4 Nbd7 8. Qe2 Qc7 9. O-O-O b5 10. a3 Rb8 11. g4 Be7 12. Bg2 h6 13. Bh4 b4 14. axb4 Rxb4 15. Be1 Qb6 16. Nb3 a5 17. Bf2 Qc7 18. Nb5 Qb8 19. N3d4 Ba6 20. Nc7+ Qxc7 21. Qxa6 Nxg4 22. Bg1 O-O 23. Nc6 Nb8 24. Nxe7+ Qxe7 25. Qxd6 Qb7 26. Bc5 Rc8 27. Bxb4 axb4 28. Rd2 Ne3 29. Qd3 Qa7 30. Kb1 Nc6 31. Re2 Ra8 32. Kc1 Nxg2 0-1


[Site "https://www.chess.com"]

[Event "Titled Tuesday Blitz June 14 Early 2022"]
[White "Lagno, Kateryna"]
[Black "Gracia Alvarez, Gerardo Antonio"]
[WhiteFideId "14109336"]
[BlackFideId "5109124"]
[WhiteElo "2522"]
[BlackElo "2139"]
[Result "1/2-1/2"]
[Round "11"]
[TimeControl "180+1"]
[Date "2022.06.14"]
[WhiteClock "0:00:31"]
[BlackClock "0:00:06"]

1. e4 c5 2. Nf3 Nc6 3. d4 cxd4 4. Nxd4 Nf6 5. Nc3 e5 6. Ndb5 h6 7. Nd6+ Bxd6 8. Qxd6 Qe7 9. Qxe7+ Kxe7 10. b3 d6 11. Bb2 Be6 12. O-O-O a6 13. a4 Rac8 14. Kb1 Rhd8 15. Bd3 Nb4 16. Be2 Ke8 17. f3 d5 18. exd5 Bf5 19. Rd2 Nfxd5 20. Ne4 Bxe4 21. fxe4 Nc3+ 22. Bxc3 Rxc3 23. Rhd1 Rxd2 24. Rxd2 Re3 25. Kb2 Nc6 26. Bd3 Ke7 27. c3 a5 28. Kc2 g6 29. Re2 Rxe2+ 30. Bxe2 f5 31. Kd3 Kd6 32. exf5 gxf5 33. Kc4 e4 34. Kb5 f4 35. b4 axb4 36. Kc4 bxc3 37. Kxc3 Kc5 38. Bg4 b6 39. Bf5 e3 40. Bg4 Ne5 41. Be2 Nd7 42. Kd3 Kb4 43. Ke4 Kxa4 44. Kxf4 b5 45. Kxe3 b4 46. Kd2 b3 47. Bd3 Kb4 48. g4 Ne5 49. Bf5 Kc4 50. Ke3 Kd5 51. Kf4 b2 52. h4 Nc4 53. Bd3 Kd6 54. h5 Ke7 55. g5 hxg5+ 56. Kxg5 Kf8 57. h6 Ne5 58. Bb1 Kg8 59. Kf6 Nf3 60. Kg6 Kh8 61. Kh5 Nd2 62. Bc2 b1=Q 63. Bxb1 Nxb1 64. Kg4 Nd2 65. Kg5 Kh7 66. Kf5 Nf3 67. Kf4 Kxh6 1/2-1/2


[Site "https://www.chess.com"]

[Event "Titled Tuesday Blitz June 14 Early 2022"]
[White "Lazavik, Denis"]
[Black "Pranav, V"]
[WhiteFideId "13515110"]
[BlackFideId "25060783"]
[WhiteElo "2437"]
[BlackElo "2349"]
[Result "1-0"]
[Round "11"]
[TimeControl "180+1"]
[Date "2022.06.14"]
[WhiteClock "0:00:06"]
[BlackClock "0:00:01"]

1. d4 Nf6 2. c4 e6 3. Nf3 Nc6 4. a3 d6 5. Nc3 g6 6. g3 Bg7 7. Bg2 O-O 8. O-O Re8 9. h3 e5 10. d5 Nd4 11. Ne1 c5 12. dxc6 Nxc6 13. Bg5 h6 14. Bxf6 Bxf6 15. Nc2 Be6 16. Ne3 Be7 17. Ned5 f5 18. e3 Bf8 19. Rc1 Bg7 20. Qe2 a6 21. Rfd1 e4 22. Nf4 Bf7 23. c5 Bf8 24. Rd2 Qf6 25. Ncd5 Qe5 26. Nc7 dxc5 27. Nxa8 Rxa8 28. Rd7 b5 29. h4 h5 30. f3 exf3 31. Bxf3 Rc8 32. Rcd1 Ne7 33. Kg2 Bg7 34. R1d2 Bf6 35. e4 Re8 36. exf5 Nxf5 37. Qxe5 Rxe5 38. Ra7 Ne3+ 39. Kf2 Nf5 40. Rxa6 Kg7 41. Ra7 Re8 42. Bd5 1-0


[Site "https://www.chess.com"]

[Event "Titled Tuesday Blitz June 14 Early 2022"]
[White "Le, Tuan Minh"]
[Black "Bharath Subramaniyam H"]
[WhiteFideId "12401153"]
[BlackFideId "46634827"]
[WhiteElo "2530"]
[BlackElo "2242"]
[Result "0-1"]
[Round "11"]
[TimeControl "180+1"]
[Date "2022.06.14"]
[WhiteClock "0:00:02"]
[BlackClock "0:00:05"]

1. d4 Nf6 2. Nf3 d6 3. Bg5 Nbd7 4. Nc3 e5 5. e4 Be7 6. Bc4 O-O 7. O-O c6 8. Bb3 Ng4 9. Bxe7 Qxe7 10. Re1 Ngf6 11. Qd2 b5 12. a3 a6 13. h3 Bb7 14. Nh4 g6 15. dxe5 dxe5 16. Qg5 Kh8 17. Rad1 Rad8 18. Rd3 c5 19. Red1 Rfe8 20. Qe3 c4 21. Rd6 cxb3 22. cxb3 Nf8 23. Qb6 Rxd6 24. Rxd6 N6d7 25. Qc7 Ba8 26. Nf3 Qd8 27. Qxd8 Rxd8 28. Nxe5 Kg7 29. Nxd7 Rxd7 30. Rxa6 Bb7 31. Rb6 Ne6 32. Rxb5 Ba6 33. Rb6 Bd3 34. a4 Nc5 35. f3 Bc2 36. a5 Bxb3 37. Rb5 Rc7 38. Kf2 Bc4 39. Rb6 Ra7 40. b4 Nd3+ 41. Ke3 Nb2 42. Kd4 Bf1 43. h4 Bxg2 44. f4 Rd7+ 45. Kc5 Nd3+ 46. Kc6 Rd4 47. a6 Rc4+ 48. Kd5 Rxc3 49. Kd4 Ra3 50. b5 Nxf4 51. Rb7 Ra4+ 0-1


[Site "https://www.chess.com"]

[Event "Titled Tuesday Blitz June 14 Early 2022"]
[White "Lewtak, Damian"]
[Black "Reprintsev, Alexander"]
[WhiteFideId "1141724"]
[BlackFideId "14100541"]
[WhiteElo "2379"]
[BlackElo "2108"]
[Result "1-0"]
[Round "11"]
[TimeControl "180+1"]
[Date "2022.06.14"]
[WhiteClock "0:00:22"]
[BlackClock "0:00:15"]

1. c4 e5 2. Nc3 Nc6 3. g3 Bc5 4. Bg2 Nf6 5. e3 d5 6. cxd5 Nb4 7. d3 Nbxd5 8. Nxd5 Nxd5 9. a3 O-O 10. Ne2 a5 11. Nc3 Nxc3 12. bxc3 c6 13. d4 Bd6 14. O-O Be6 15. Bb2 a4 16. Re1 Bb3 17. Qh5 Qc7 18. c4 exd4 19. Bxd4 Bxc4 20. Bxg7 Ra5 21. Qh6 Rfa8 22. Bf6 Bf8 23. Qh4 Be6 24. Be4 h6 25. Rad1 Bg7 26. Bd8 Rxd8 27. Rxd8+ Bf8 28. Red1 Kg7 29. Rxf8 Kxf8 30. Qxh6+ Ke7 31. Qh4+ Ke8 32. Qh8+ Ke7 33. h4 Bd5 34. Bxd5 Rxd5 35. Rxd5 cxd5 36. h5 Qc1+ 37. Kg2 Qxa3 38. h6 Qd3 39. Qe5+ Kd7 40. Qh5 Kc6 41. h7 1-0


[Site "https://www.chess.com"]

[Event "Titled Tuesday Blitz June 14 Early 2022"]
[White "Madaminov, Mukhiddin"]
[Black "Aditya Mittal"]
[WhiteFideId "14210703"]
[BlackFideId "35042025"]
[WhiteElo "1916"]
[BlackElo "2303"]
[Result "1-0"]
[Round "11"]
[TimeControl "180+1"]
[Date "2022.06.14"]
[WhiteClock "0:00:08"]
[BlackClock "0:00:02"]

1. d4 Nf6 2. Nc3 d5 3. Bf4 e6 4. Nb5 Na6 5. e3 c6 6. Nc3 Nc7 7. Bd3 Bd6 8. Qf3 h5 9. Nge2 e5 10. Bxe5 Bg4 11. Qg3 h4 12. Qf4 Ne6 13. Bxf6 Nxf4 14. Bxd8 Nxg2+ 15. Kd2 Rxd8 16. h3 Bf3 17. Ng1 Ne1 18. Nxf3 Nxf3+ 19. Ke2 Ng5 20. Rag1 Ne6 21. Bf5 Kf8 22. Nd1 Re8 23. c3 g6 24. Bc2 Kg7 25. Rg4 Kf6 26. Kf3 b5 27. b3 a5 28. Nb2 Rh5 29. Rhg1 Rb8 30. Ke2 Ng5 31. Nd3 Nxh3 32. Rh1 Ng5 33. Nf4 Bxf4 34. Rxf4+ Ke7 35. Rfxh4 Rxh4 36. Rxh4 a4 37. f4 axb3 38. axb3 Ne4 39. c4 bxc4 40. Bxe4 dxe4 41. bxc4 Rb2+ 42. Kd1 Rb4 43. c5 Rb3 44. Kd2 Ke6 45. Rh7 Rd3+ 46. Ke2 Ra3 47. Rg7 Ra2+ 48. Kd1 Kf6 49. Rg8 Kf5 50. Re8 f6 51. Re7 g5 52. fxg5 fxg5 53. Re5+ Kg4 54. Rxe4+ Kf3 55. Re6 g4 56. Rxc6 g3 57. Rg6 g2 58. c6 Ra6 59. d5 Ke4 60. Rxg2 Kxd5 61. c7 Ra1+ 62. Kc2 Ra2+ 63. Kd3 Ra3+ 64. Kc2 Ra8 65. Rg7 Kd6 66. Kd3 Rc8 67. Ke4 Re8+ 68. Kd4 Rc8 69. e4 Re8 70. e5+ Ke6 71. Ke4 Rc8 72. Rg6+ Ke7 73. Rc6 Kd7 74. Kd5 Ra8 75. c8=Q+ Rxc8 76. e6+ Kd8 77. e7+ Kd7 78. Rxc8 Kxe7 79. Rc6 Kd7 80. Re6 Kc7 81. Re7+ Kb6 82. Rf7 Kb5 83. Rb7+ Ka6 1-0


[Site "https://www.chess.com"]

[Event "Titled Tuesday Blitz June 14 Early 2022"]
[White "Maximov, Dmitry"]
[Black "Stribuk, Artiom"]
[WhiteFideId "14105659"]
[BlackFideId "13515659"]
[WhiteElo "2494"]
[BlackElo "2259"]
[Result "1-0"]
[Round "11"]
[TimeControl "180+1"]
[Date "2022.06.14"]
[WhiteClock "0:00:10"]
[BlackClock "0:00:04"]

1. e4 c5 2. Nf3 Nc6 3. Bb5 e6 4. O-O Nge7 5. Re1 b6 6. c3 a6 7. Bf1 d5 8. exd5 Nxd5 9. d4 cxd4 10. Nxd4 Bb7 11. Nxc6 Bxc6 12. Nd2 Qc7 13. Nc4 Be7 14. Ne5 Bb7 15. Qh5 O-O 16. Bd3 Nf6 17. Qh3 Rfd8 18. Bg5 h6 19. Nxf7 Rxd3 20. Nxh6+ gxh6 21. Qxd3 Kf7 22. Bxf6 Bxf6 23. Qh7+ Bg7 24. Rad1 Rh8 25. Qd3 Re8 26. Qh3 Qc6 27. f3 Kg8 28. Kh1 e5 29. Qh5 Qe6 30. Re3 Bc6 31. Red3 Kh7 32. Rd6 Qxa2 33. Qg6+ Kg8 34. Rxc6 Rf8 35. Rc7 1-0


[Site "https://www.chess.com"]